 Dungeon Sprint DCSS version 0.23.1 (webtiles) character file.

Game seed: 12333881675222863351

5955 nuthulu the Protected (level 10, -3/103 HPs)
             Began as a Minotaur Fighter on Mar 4, 2019.
             Was the Champion of Qazlal.
             Hit by a javelin thrown by a minotaur (22 damage)
             ... in the Dungeon (Sprint VII: "The Pits").
             The game lasted 00:04:24 (2124 turns).

nuthulu the Protected (Minotaur Fighter)            Turns: 2124, Time: 00:04:24

Health: -3/103     AC: 21    Str: 32    XL:     10   Next: 54%
Magic:  10/16      EV:  8    Int:  8    God:    Qazlal [******]
Gold:   0          SH: 22    Dex: 10    Spells: 9/9 levels left

rFire    . . .     SeeInvis .   t - +2 war axe (freeze)
rCold    . . .     Gourm    .   c - +0 shield
rNeg     . . .     Faith    .   s - +3 plate armour
rPois    .         Spirit   .   (helmet restricted)
rElec    .         Reflect  .   (no cloak)
rCorr    .         Harm     .   u - +0 pair of gloves
MR       .....     NoTele   +   (no boots)
Stlth    ..........             (no amulet)
HPRegen  0.27/turn              l - +3 ring of intelligence
MPRegen  0.15/turn              r - +3 ring of strength

@: mighty, very slightly contaminated, slowed, invisible, repel missiles, very
slow
A: retaliatory headbutt, horns 2
a: Upheaval, Elemental Force, Disaster Area, Renounce Religion


You were in the Dungeon.
You worshipped Qazlal.
Qazlal was exalted by your worship.
You were not hungry.

You visited 1 branch

Inventory:

Hand Weapons
 a - a +0 war axe
 t - a +2 war axe of freezing (weapon)
Armour
 b - a +0 scale mail
 c - a +0 shield (worn)
 q - a +0 plate armour
 s - a +3 plate armour (worn)
 u - a +0 pair of gloves (worn)
Jewellery
 l - a +3 ring of intelligence (left hand)
 r - a +3 ring of strength (right hand)
Scrolls
 k - a scroll of blinking
 n - 3 scrolls of remove curse
 o - 5 scrolls of amnesia
 p - a scroll of summoning
Potions
 e - 6 potions of curing
 g - 5 potions of heal wounds
 h - a potion of haste
 i - 4 potions of magic
 j - 3 potions of berserk rage
 m - a potion of invisibility
 v - a potion of might
 w - a potion of resistance
 x - a potion of agility
Comestibles
 f - 7 rations


   Skills:
 + Level 14.0 Fighting
 + Level 13.9 Axes
 + Level 14.1 Armour
 + Level 14.0 Shields
 * Level 9.7 Invocations


You had 9 spell levels left.
You didn't know any spells.
Your spell library was empty.

Dungeon Overview and Level Annotations

Branches:
Dungeon (1/1)

Altars:
Ashenzari
Cheibriados
Dithmenos
Elyvilon
Fedhas
Gozag
Hepliaklqana
Kikubaaqudgha
Makhleb
Nemelex Xobeh
Okawaru
Qazlal
Ru
Sif Muna
Trog
Uskayaw
Vehumet
Wu Jian
Xom
Yredelemnul
Zin
The Shining One
Beogh
Jiyva
Lugonu


Innate Abilities, Weirdness & Mutations

You reflexively headbutt those who attack you in melee.
You have a pair of horns on your head.


Message History

You block the demonic crawler's attack.
A redback comes into view.
The minotaur throws a javelin.
You block the javelin. You block the demonic crawler's attack.
The demonic crawler hits you but does no damage. x2
Unknown command.
You barely miss the demonic crawler.
The demonic crawler is severely wounded.
You block the demonic crawler's attack.
The demonic crawler hits you but does no damage. x2
Unknown command.
You closely miss the demonic crawler.
Your headbutt misses the demonic crawler.
The demonic crawler is severely wounded.
The demonic crawler is struck by lightning.
The demonic crawler closely misses you. You block the demonic crawler's attack.
The demonic crawler hits you!
* * * LOW HITPOINT WARNING * * *
The minotaur throws a javelin.
The javelin hits you!!
You die...

#'#####''######
.....##''###########
.....##.)........#°
.....##..........R
.<...##.)#####...#####+
.....##..'...#.○.......
.....##.÷#...#○....l..#
.....##..#...#.#####..#
#######..#####ss@(.# #
#######........#)°.H..#
#...[##........#.§○#....
#..[.###'###...#...# ...
'..))##....+..†#+### #
#..))##....#.....
#...)##....#......
###################


You could see a minotaur, a demonic crawler and a redback (wandering).

Vanquished Creatures
  A death yak (D)
  2 shadow wraiths (D)
  A swamp dragon (D)
  A molten gargoyle (D)
  An efreet (D)
  A freezing wraith (D)
  A komodo dragon (D)
  4 dream sheep (D)
  A snapping turtle (D)
  2 basilisks (D)
  A wyvern (D)
  A fire bat (D)
  A soldier ant (D)
  A floating eye (D)
  An ice beast (D)
  An orc warrior (D)
  Purgy (D)
  An ogre (D)
  A wolf (D)
  A centaur (D)
  2 gnoll sergeants (D)
  A crimson imp (D)
  A hound (D)
  A quasit (D)
  An orc priest (D)
  A worker ant (D)
  An iguana (D)
  A mummy (D)
  4 gnolls (D)
  A river rat (D)
  A white imp (D)
  An ufetubus (D)
  2 leopard geckos (D)
  A ball python (D)
  A goblin (D)
  A hobgoblin (D)
  2 jackals (D)
  A quokka (D)
  A frilled lizard (D)
  A quokka zombie (D)
51 creatures vanquished.

Vanquished Creatures (others)
  A merfolk (D)
1 creature vanquished.

Grand Total: 52 creatures vanquished

Notes
Turn   | Place    | Note
-------+----------+-------------------------------------------
     0 | D        | nuthulu the Minotaur Fighter began the quest for the Orb.
     0 | D        | Reached XP level 1. HP: 19/19 MP: 0/0
    41 | D        | Found a glowing golden altar of the Shining One.
    41 | D        | Found a glowing silver altar of Zin.
    41 | D        | Found a basalt altar of Yredelemnul.
    41 | D        | Found a shimmering altar of Xom.
    41 | D        | Found an ornate altar of the Wu Jian Council.
    41 | D        | Found a bloodstained altar of Trog.
    41 | D        | Found a deep blue altar of Sif Muna.
    41 | D        | Found a sacrificial altar of Ru.
    41 | D        | Found a stormy altar of Qazlal.
    41 | D        | Found an iron altar of Okawaru.
    41 | D        | Found a sparkling altar of Nemelex Xobeh.
    41 | D        | Found a burning altar of Makhleb.
    41 | D        | Found a viscous altar of Jiyva.
    41 | D        | Found a hazy altar of Hepliaklqana.
    41 | D        | Found an opulent altar of Gozag.
    41 | D        | Found a blossoming altar of Fedhas.
    41 | D        | Found a white marble altar of Elyvilon.
    41 | D        | Found a shadowy altar of Dithmenos.
    41 | D        | Found a snail-covered altar of Cheibriados.
    43 | D        | Found a corrupted altar of Lugonu.
    43 | D        | Found a radiant altar of Vehumet.
    43 | D        | Found a roughly hewn altar of Beogh.
    44 | D        | Found an ancient bone altar of Kikubaaqudgha.
    44 | D        | Found a hide-covered altar of Uskayaw.
    44 | D        | Found a shattered altar of Ashenzari.
    47 | D        | Became a worshipper of Qazlal Stormbringer
    71 | D        | Reached * piety under Qazlal
    71 | D        | Reached XP level 2. HP: 7/28 MP: 1/1
   306 | D        | Reached ** piety under Qazlal
   317 | D        | Noticed a floating eye
   324 | D        | Paralysed by a floating eye for 4 turns
   331 | D        | Paralysed by a floating eye for 2 turns
   334 | D        | Reached skill level 5 in Fighting
   334 | D        | Reached skill level 5 in Armour
   334 | D        | Reached skill level 5 in Shields
   334 | D        | Reached XP level 3. HP: 14/36 MP: 2/2
   335 | D        | Killed a floating eye
   335 | D        | Reached XP level 4. HP: 17/47 MP: 3/3
   335 | D        | Reached XP level 5. HP: 19/52 MP: 4/4
   340 | D        | Reached *** piety under Qazlal
   628 | D        | Noticed an ice beast
   648 | D        | Killed an ice beast
   651 | D        | Reached XP level 6. HP: 56/62 MP: 5/5
   679 | D        | Noticed a fire bat
   691 | D        | Killed a fire bat
   691 | D        | Reached **** piety under Qazlal
   797 | D        | Noticed an orc warrior
   803 | D        | Killed an orc warrior
   803 | D        | Reached skill level 10 in Fighting
   803 | D        | Reached skill level 10 in Armour
   803 | D        | Reached skill level 10 in Shields
   803 | D        | Reached XP level 7. HP: 50/72 MP: 6/6
   964 | D        | Killed a shadow wraith
   964 | D        | Reached skill level 10 in Axes
   964 | D        | Reached XP level 8. HP: 30/82 MP: 7/7
  1214 | D        | Noticed Purgy
  1232 | D        | Killed Purgy
  1232 | D        | Reached ***** piety under Qazlal
  1256 | D        | Reached skill level 1 in Invocations
  1413 | D        | Noticed a freezing wraith
  1413 | D        | Noticed a snapping turtle
  1430 | D        | Killed a snapping turtle
  1433 | D        | Killed a freezing wraith
  1433 | D        | Reached XP level 9. HP: 52/90 MP: 8/10
  1461 | D        | Noticed a death yak
  1473 | D        | Reached ****** piety under Qazlal
  1478 | D        | Killed a death yak
  1478 | D        | Reached skill level 5 in Invocations
  1703 | D        | Noticed a molten gargoyle
  1703 | D        | Noticed a swamp dragon
  1723 | D        | Killed a swamp dragon
  1732 | D        | Killed a molten gargoyle
  2094 | D        | Noticed a komodo dragon
  2106 | D        | Reached XP level 10. HP: 59/101 MP: 14/14
  2113 | D        | Killed a shadow wraith
  2117 | D        | Noticed a minotaur
  2124 | D        | Hit by a javelin thrown by a minotaur

Skill      XL: |  1  2  3  4  5  6  7  8  9 10 |
---------------+-------------------------------+-----
Fighting       | 4 5 7 8 10 11 12 13 14 | 14.0
Axes           | 3 4 6 7 9 10 12 13 | 13.9
Armour         | 4 5 7 8 10 11 12 13 14 | 14.1
Shields        | 4 5 7 8 10 11 12 13 14 | 14.0
Invocations    | 3 7 9 |  9.7

Action                   |  1- 3 |  4- 6 |  7- 9 | 10-12 || total
-------------------------+-------+-------+-------+-------++-------
Melee: War axe           |    27 |    37 |   105 |    12 ||   181
       Headbutt          |     3 |     5 |    26 |     1 ||    35
Invok: Disaster Area     |       |       |       |     1 ||     1
  Use: Potion            |     1 |       |     6 |     3 ||    10
 Stab: Invisible         |       |       |       |     2 ||     2
  Eat: Ration            |       |       |     2 |       ||     2
Armor: Scale mail        |    11 |    12 |       |       ||    23
       Plate armour      |       |       |    66 |    15 ||    81
Dodge: Dodged            |     6 |     7 |    19 |     4 ||    36
       Deflected         |       |       |       |     1 ||     1
Block: Shield            |    23 |    32 |   108 |    31 ||   194
